[ AOE2 MATCH · #481451545 ]
UnrankedIncas vs Turks
[ REPLAY ANALYSIS · EXTRACTED FROM THE RECORDED GAME ]
Feudal
—
Castle
—
Imperial
—
| APM avg | 12.5 |
| APM peak | 40 |
| eAPM avg | 8.3 |
| Villagers / military | 67 / 73 |
Focus
⚔️ 43.1% · 🌾 56.9%
Kamayuk ×44 · Unknown (2550) ×34 · Skirmisher ×19 · Petard ×4 · Trebuchet (Packed) ×4 · Battering Ram ×2
Feudal
11:33
Castle
29:38
Imperial
46:36
| APM avg | 21.8 |
| APM peak | 52 |
| eAPM avg | 10.7 |
| Villagers / military | 86 / 133 |
Focus
⚔️ 46.3% · 🌾 53.7%
Serjeant ×101 · Spearman ×30 · Monk ×2 · Trade Cart ×2
Feudal
11:39
Castle
18:33
Imperial
48:22
| APM avg | 18.0 |
| APM peak | 120 |
| eAPM avg | 12.9 |
| Villagers / military | 119 / 154 |
Focus
⚔️ 34.4% · 🌾 65.6%
Hand Cannoneer ×81 · Scorpion ×31 · Janissary ×17 · Bombard Cannon ×13 · Trade Cart ×11 · Mangonel ×8
Feudal
9:19
Castle
18:05
Imperial
34:33
| APM avg | 20.9 |
| APM peak | 46 |
| eAPM avg | 15.1 |
| Villagers / military | 117 / 168 |
Focus
⚔️ 40.0% · 🌾 60.0%
Spearman ×116 · Battering Ram ×25 · Knight ×14 · Ballista Elephant ×8 · Trade Cart ×5 · Scout Cavalry ×3
Feudal
—
Castle
—
Imperial
—
| APM avg | 11.3 |
| APM peak | 27 |
| eAPM avg | 8.9 |
| Villagers / military | 121 / 52 |
Focus
⚔️ 21.1% · 🌾 78.9%
Knight ×41 · Monk ×9 · Scout Cavalry ×1 · Trebuchet (Packed) ×1
Feudal
—
Castle
—
Imperial
—
| APM avg | 26.1 |
| APM peak | 73 |
| eAPM avg | 13.9 |
| Villagers / military | 115 / 174 |
Focus
⚔️ 26.1% · 🌾 73.9%
Jaguar Warrior ×149 · Trebuchet (Packed) ×13 · Skirmisher ×10 · Monk ×2
Feudal
11:55
Castle
22:07
Imperial
37:00
| APM avg | 17.9 |
| APM peak | 57 |
| eAPM avg | 9.8 |
| Villagers / military | 130 / 139 |
Focus
⚔️ 27.4% · 🌾 72.6%
Conquistador ×68 · Spearman ×40 · Knight ×15 · Battering Ram ×7 · Scorpion ×5 · Trade Cart ×3
Feudal
10:22
Castle
20:25
Imperial
40:01
| APM avg | 17.7 |
| APM peak | 44 |
| eAPM avg | 12.0 |
| Villagers / military | 183 / 134 |
Focus
⚔️ 24.7% · 🌾 75.3%
War Elephant ×134 · Trade Cart ×25
Match map
Initial resources + every placement click. Lines = walls · curves = elevation contours. ◆ gold · ⬟ stone · ● berries · ✦ relic · ◌ wall gap
Your base· ✓ Closed at 22:02 · 0t walls · 2 gate(s)
H A C K E R M A N's base· ✓ Closed at 29:38 · 20t walls · 2 gate(s)
guachalin's base· ✓ Closed at 18:33 · 0t walls · 2 gate(s)
meica666's base· ✓ Closed at 18:05 · 0t walls · 2 gate(s)
weefimonster's base· ✓ Closed at 15:00 · 0t walls · 3 gate(s)
rafasasu's base· ✓ Closed at 17:11 · 0t walls · 2 gate(s)
Zombyou's base· ✓ Closed at 22:07 · 1t walls · 3 gate(s)
Jimmy Kigger's base· ✓ Closed at 20:25 · 0t walls · 2 gate(s)
Smoothed initial terrain · ◌ = detected wall gap · hover for details
Inputs per minute
— Smurfm4n87 - - H A C K E R M A N
Build order — Smurfm4n87
First 150 of 292 actions detected
| 0:34 | Build | House |
| 0:36 | Build | House |
| 0:37 | Build | House |
| 0:43 | Create | Villager (Male) |
| 0:43 | Research | Loom |
| 0:44 | Create | Villager (Male) |
| 0:44 | Create | Villager (Male) |
| 0:44 | Create | Villager (Male) |
| 1:30 | Build | Settlement |
| 3:41 | Create | Villager (Male) |
| 4:06 | Create | Villager (Male) |
| 6:24 | Create | Villager (Male) |
| 6:25 | Create | Villager (Male) |
| 6:28 | Create | Villager (Male) |
| 6:30 | Create | Villager (Male) |
| 6:30 | Create | Villager (Male) |
| 6:31 | Create | Villager (Male) |
| 7:38 | Build | Outpost |
| 8:13 | Build | Barracks |
| 9:33 | Create | Villager (Male) |
| 9:41 | Create | Villager (Male) |
| 9:41 | Create | Villager (Male) |
| 9:52 | Build | Outpost |
| 10:13 | Build | Outpost |
| 10:27 | Build | Outpost |
| 11:09 | Research | Feudal Age |
| 11:10 | Create | Villager (Male) |
| 11:11 | Create | Villager (Male) |
| 11:41 | Build | Settlement |
| 12:32 | Build | Outpost |
| 13:37 | Research | Town Watch |
| 13:39 | Create | Villager (Male) |
| 13:40 | Create | Villager (Male) |
| 13:50 | Research | Horse Collar |
| 14:26 | Build | Outpost |
| 14:49 | Create | Villager (Male) |
| 14:50 | Create | Villager (Male) |
| 14:50 | Create | Villager (Male) |
| 16:06 | Build | Farm |
| 16:06 | Build | Farm |
| 16:06 | Build | Farm |
| 16:07 | Build | Farm |
| 16:07 | Build | Farm |
| 16:07 | Build | Farm |
| 16:07 | Build | Farm |
| 16:07 | Build | Farm |
| 16:08 | Build | Farm |
| 16:08 | Build | Farm |
| 16:23 | Research | Double-Bit Axe |
| 17:20 | Create | Villager (Male) |
| 17:21 | Create | Villager (Male) |
| 18:12 | Build | Market |
| 18:35 | Build | Blacksmith |
| 18:48 | Build | Farm |
| 18:50 | Build | Farm |
| 19:03 | Research | Tech 1402 |
| 19:09 | Create | Villager (Male) |
| 19:09 | Create | Villager (Male) |
| 19:51 | Build | House |
| 19:52 | Build | House |
| 19:54 | Build | House |
| 19:56 | Build | House |
| 20:15 | Build | Farm |
| 20:23 | Build | Barracks |
| 20:34 | Create | Villager (Male) |
| 21:43 | Build | Farm |
| 22:02 | Research | Castle Age |
| 22:03 | Create | Villager (Male) |
| 22:20 | Build | Archery Range |
| 22:24 | Build | Archery Range |
| 23:01 | Research | Scale Mail Armor |
| 23:28 | Create | Villager (Male) |
| 24:21 | Build | Farm |
| 24:55 | Build | Castle |
| 25:11 | Research | Heavy Plow |
| 25:21 | Build | Town Center |
| 25:32 | Research | Chain Mail Armor |
| 25:33 | Research | Forging |
| 25:51 | Create | Villager (Male) |
| 26:13 | Create | Villager (Male) |
| 26:38 | Research | Fletching |
| 27:55 | Build | Siege Workshop |
| 28:04 | Build | Farm |
| 28:05 | Build | Farm |
| 28:06 | Build | Farm |
| 28:12 | Research | Wheelbarrow |
| 28:16 | Create | Villager (Male) |
| 28:16 | Create | Villager (Male) |
| 28:17 | Create | Villager (Male) |
| 28:32 | Create | Kamayuk |
| 28:32 | Create | Kamayuk |
| 29:15 | Build | Farm |
| 29:17 | Build | Farm |
| 29:23 | Create | Villager (Male) |
| 29:23 | Create | Villager (Male) |
| 29:23 | Create | Villager (Male) |
| 29:45 | Build | Farm |
| 30:02 | Build | Settlement |
| 31:12 | Build | Castle |
| 31:44 | Create | Battering Ram |
| 31:54 | Create | Battering Ram |
| 32:04 | Research | Tech 1351 |
| 32:05 | Research | Squires |
| 32:07 | Research | Pikeman (upgrade) |
| 32:15 | Research | Crossbowman (upgrade) |
| 32:25 | Create | Villager (Male) |
| 32:26 | Create | Villager (Male) |
| 32:26 | Create | Villager (Male) |
| 32:26 | Create | Villager (Male) |
| 32:26 | Create | Villager (Male) |
| 32:26 | Create | Villager (Male) |
| 32:27 | Create | Villager (Male) |
| 32:27 | Create | Villager (Male) |
| 32:27 | Create | Villager (Male) |
| 33:37 | Build | Barracks |
| 33:39 | Build | Barracks |
| 34:11 | Build | Farm |
| 34:19 | Build | Farm |
| 34:23 | Create | Villager (Male) |
| 34:23 | Create | Villager (Male) |
| 34:23 | Create | Villager (Male) |
| 34:23 | Create | Villager (Male) |
| 34:24 | Create | Villager (Male) |
| 34:29 | Research | Town Patrol |
| 35:38 | Research | Thumb Ring |
| 36:20 | Research | Elite Skirmisher (upgrade) |
| 36:21 | Create | Skirmisher |
| 36:55 | Create | Skirmisher |
| 36:56 | Create | Skirmisher |
| 36:56 | Create | Skirmisher |
| 36:56 | Create | Skirmisher |
| 37:08 | Research | Imperial Age |
| 37:43 | Research | Bow Saw |
| 38:40 | Research | Hand Cart |
| 38:41 | Create | Villager (Male) |
| 38:41 | Create | Villager (Male) |
| 38:41 | Create | Villager (Male) |
| 38:42 | Create | Villager (Male) |
| 38:42 | Create | Villager (Male) |
| 38:42 | Create | Villager (Male) |
| 38:42 | Create | Villager (Male) |
| 38:42 | Create | Villager (Male) |
| 38:56 | Create | Kamayuk |
| 38:57 | Create | Kamayuk |
| 39:31 | Research | Iron Casting |
| 39:37 | Create | Kamayuk |
| 39:37 | Create | Kamayuk |
| 40:19 | Create | Skirmisher |
| 40:19 | Create | Skirmisher |
| 40:19 | Create | Skirmisher |
Build order — H A C K E R M A N
First 150 of 344 actions detected
| 0:03 | Create | Villager (Male) |
| 0:03 | Create | Villager (Male) |
| 0:03 | Create | Villager (Male) |
| 0:03 | Create | Villager (Male) |
| 0:04 | Create | Villager (Male) |
| 0:06 | Build | House |
| 0:28 | Build | House |
| 0:29 | Build | House |
| 0:31 | Build | House |
| 1:51 | Create | Villager (Male) |
| 1:52 | Create | Villager (Male) |
| 2:19 | Create | Villager (Male) |
| 2:19 | Create | Villager (Male) |
| 2:43 | Create | Villager (Male) |
| 2:44 | Create | Villager (Male) |
| 3:12 | Create | Villager (Male) |
| 3:12 | Create | Villager (Male) |
| 3:18 | Create | Villager (Male) |
| 3:51 | Build | Mill |
| 3:57 | Create | Villager (Male) |
| 3:57 | Create | Villager (Male) |
| 4:19 | Create | Villager (Male) |
| 4:19 | Create | Villager (Male) |
| 4:19 | Create | Villager (Male) |
| 5:04 | Create | Villager (Male) |
| 5:04 | Create | Villager (Male) |
| 5:28 | Create | Villager (Male) |
| 5:58 | Build | Lumber Camp |
| 6:05 | Create | Villager (Male) |
| 6:05 | Create | Villager (Male) |
| 6:05 | Create | Villager (Male) |
| 6:05 | Create | Villager (Male) |
| 6:45 | Build | Farm |
| 6:48 | Create | Villager (Male) |
| 7:02 | Research | Loom |
| 7:38 | Create | Villager (Male) |
| 7:38 | Create | Villager (Male) |
| 8:16 | Build | Farm |
| 8:37 | Build | Mill |
| 8:48 | Build | Farm |
| 9:24 | Research | Feudal Age |
| 9:54 | Build | Farm |
| 10:04 | Build | House |
| 10:05 | Build | House |
| 10:09 | Build | House |
| 11:15 | Build | Barracks |
| 11:19 | Create | Villager (Male) |
| 11:20 | Create | Villager (Male) |
| 11:33 | Age | Feudal Age |
| 11:44 | Create | Villager (Male) |
| 11:44 | Create | Villager (Male) |
| 12:20 | Create | Villager (Male) |
| 12:31 | Build | Farm |
| 12:36 | Create | Villager (Male) |
| 12:36 | Create | Villager (Male) |
| 12:57 | Build | Mining Camp |
| 13:22 | Research | Double-Bit Axe |
| 14:09 | Create | Villager (Male) |
| 14:11 | Create | Villager (Male) |
| 14:17 | Build | Mining Camp |
| 15:01 | Build | Farm |
| 15:03 | Build | Farm |
| 15:43 | Build | Stone Wall |
| 15:48 | Create | Villager (Male) |
| 15:48 | Create | Villager (Male) |
| 15:51 | Build | Farm |
| 15:54 | Create | Villager (Male) |
| 15:55 | Create | Villager (Male) |
| 16:03 | Build | Donjon |
| 16:13 | Create | Villager (Male) |
| 16:14 | Create | Villager (Male) |
| 16:18 | Build | House |
| 16:22 | Build | Blacksmith |
| 17:09 | Create | Villager (Male) |
| 17:10 | Create | Villager (Male) |
| 17:23 | Build | Stone Wall |
| 17:28 | Create | Serjeant |
| 17:28 | Create | Serjeant |
| 17:29 | Create | Serjeant |
| 17:41 | Build | Stone Wall |
| 17:49 | Build | Farm |
| 17:52 | Create | Villager (Male) |
| 17:52 | Create | Villager (Male) |
| 18:02 | Build | Market |
| 18:09 | Build | Donjon |
| 18:18 | Build | Donjon |
| 18:23 | Create | Villager (Male) |
| 18:23 | Create | Villager (Male) |
| 18:26 | Build | Farm |
| 19:01 | Research | Scale Mail Armor |
| 19:05 | Build | House |
| 19:06 | Build | House |
| 19:10 | Build | Farm |
| 19:42 | Create | Serjeant |
| 19:42 | Create | Serjeant |
| 19:42 | Create | Serjeant |
| 19:45 | Create | Serjeant |
| 19:46 | Create | Serjeant |
| 20:12 | Create | Serjeant |
| 20:13 | Create | Serjeant |
| 20:20 | Create | Serjeant |
| 20:20 | Create | Serjeant |
| 20:35 | Create | Serjeant |
| 20:36 | Create | Serjeant |
| 20:36 | Create | Serjeant |
| 21:35 | Build | Donjon |
| 21:44 | Build | Stone Wall |
| 21:53 | Build | Donjon |
| 22:01 | Create | Serjeant |
| 22:01 | Create | Serjeant |
| 22:34 | Research | Arson |
| 22:39 | Build | Farm |
| 22:42 | Build | Farm |
| 22:51 | Create | Villager (Male) |
| 22:51 | Create | Villager (Male) |
| 22:52 | Create | Villager (Male) |
| 22:52 | Create | Villager (Male) |
| 22:57 | Build | House |
| 22:58 | Build | House |
| 22:59 | Build | House |
| 23:00 | Build | House |
| 23:01 | Build | House |
| 23:01 | Build | House |
| 23:03 | Build | House |
| 23:38 | Create | Serjeant |
| 23:38 | Create | Serjeant |
| 23:39 | Create | Serjeant |
| 24:16 | Build | Stone Wall |
| 24:47 | Build | Donjon |
| 24:58 | Create | Serjeant |
| 24:58 | Create | Serjeant |
| 24:58 | Create | Serjeant |
| 24:58 | Create | Serjeant |
| 25:27 | Build | Donjon |
| 25:33 | Create | Serjeant |
| 25:33 | Create | Serjeant |
| 25:57 | Build | Farm |
| 26:51 | Create | Serjeant |
| 26:52 | Create | Serjeant |
| 26:58 | Research | Castle Age |
| 27:03 | Create | Serjeant |
| 27:03 | Create | Serjeant |
| 27:37 | Research | Forging |
| 27:41 | Create | Villager (Male) |
| 27:41 | Create | Villager (Male) |
| 27:51 | Create | Spearman |
| 27:51 | Create | Spearman |
| 27:51 | Create | Spearman |
| 28:17 | Create | Serjeant |
| 28:17 | Create | Serjeant |
Build order — guachalin
First 150 of 456 actions detected
| 0:01 | Create | Villager (Male) |
| 0:01 | Create | Villager (Male) |
| 0:03 | Build | House |
| 0:08 | Build | House |
| 0:16 | Create | Villager (Male) |
| 0:35 | Create | Villager (Male) |
| 0:35 | Create | Villager (Male) |
| 1:41 | Create | Villager (Male) |
| 2:14 | Create | Villager (Male) |
| 2:43 | Create | Villager (Male) |
| 3:01 | Create | Villager (Male) |
| 3:18 | Create | Villager (Male) |
| 3:19 | Research | Loom |
| 3:40 | Build | Mill |
| 3:52 | Build | House |
| 4:54 | Create | Villager (Male) |
| 4:57 | Create | Villager (Male) |
| 5:14 | Create | Villager (Male) |
| 5:15 | Create | Villager (Male) |
| 5:35 | Create | Villager (Male) |
| 6:08 | Build | Mill |
| 6:13 | Create | Villager (Male) |
| 6:48 | Create | Villager (Male) |
| 6:53 | Build | House |
| 7:03 | Create | Villager (Male) |
| 7:04 | Create | Villager (Male) |
| 7:33 | Create | Villager (Male) |
| 7:52 | Build | Lumber Camp |
| 8:41 | Create | Villager (Male) |
| 9:27 | Research | Feudal Age |
| 9:38 | Build | Mining Camp |
| 9:49 | Build | Mining Camp |
| 9:53 | Create | Villager (Male) |
| 9:53 | Create | Villager (Male) |
| 10:01 | Build | House |
| 10:02 | Build | House |
| 10:03 | Build | House |
| 10:56 | Build | Farm |
| 11:33 | Create | Villager (Male) |
| 11:39 | Age | Feudal Age |
| 12:02 | Research | Double-Bit Axe |
| 12:07 | Research | Wheelbarrow |
| 12:37 | Create | Villager (Male) |
| 13:50 | Build | Market |
| 14:39 | Build | Farm |
| 14:41 | Build | Farm |
| 14:53 | Build | Blacksmith |
| 14:55 | Build | House |
| 15:10 | Build | Farm |
| 15:53 | Research | Castle Age |
| 16:05 | Build | Barracks |
| 16:40 | Create | Villager (Male) |
| 16:41 | Create | Villager (Male) |
| 17:12 | Build | House |
| 17:34 | Build | Farm |
| 17:37 | Build | Farm |
| 17:47 | Build | House |
| 17:48 | Build | House |
| 17:53 | Build | House |
| 17:54 | Build | House |
| 17:59 | Build | House |
| 18:13 | Research | Arson |
| 18:25 | Research | Man-at-Arms (upgrade) |
| 18:33 | Age | Castle Age |
| 19:00 | Build | Siege Workshop |
| 19:05 | Create | Villager (Male) |
| 19:05 | Create | Villager (Male) |
| 19:14 | Create | Militia |
| 19:15 | Create | Militia |
| 19:42 | Build | Town Center |
| 21:02 | Research | Fletching |
| 21:03 | Research | Padded Archer Armor |
| 21:14 | Build | Castle |
| 21:28 | Build | Siege Workshop |
| 21:34 | Create | Villager (Male) |
| 21:34 | Create | Villager (Male) |
| 22:04 | Create | Mangonel |
| 22:06 | Create | Mangonel |
| 22:22 | Create | Villager (Male) |
| 22:23 | Create | Villager (Male) |
| 22:23 | Create | Villager (Male) |
| 23:24 | Create | Mangonel |
| 23:44 | Create | Mangonel |
| 23:47 | Create | Scorpion |
| 23:49 | Create | Mangonel |
| 23:49 | Create | Mangonel |
| 23:51 | Create | Janissary |
| 23:54 | Create | Villager (Male) |
| 23:55 | Create | Villager (Male) |
| 23:55 | Create | Villager (Male) |
| 24:08 | Build | Town Center |
| 25:29 | Create | Trade Cart |
| 25:29 | Create | Trade Cart |
| 25:32 | Create | Villager (Male) |
| 25:32 | Create | Villager (Male) |
| 25:35 | Research | Scale Mail Armor |
| 25:51 | Create | Scorpion |
| 25:52 | Create | Scorpion |
| 26:13 | Create | Villager (Male) |
| 26:13 | Create | Villager (Male) |
| 26:20 | Build | Farm |
| 26:21 | Build | Farm |
| 26:22 | Build | Farm |
| 26:28 | Build | Farm |
| 26:29 | Build | Farm |
| 26:30 | Build | Farm |
| 26:41 | Research | Horse Collar |
| 26:57 | Research | Bow Saw |
| 27:46 | Build | University |
| 27:48 | Research | Gold Mining |
| 27:49 | Research | Stone Mining |
| 27:52 | Create | Villager (Male) |
| 28:10 | Create | Villager (Male) |
| 28:10 | Create | Villager (Male) |
| 28:16 | Build | House |
| 28:16 | Build | House |
| 28:17 | Build | House |
| 28:18 | Build | House |
| 28:19 | Build | House |
| 28:35 | Create | Scorpion |
| 28:35 | Create | Scorpion |
| 28:35 | Create | Scorpion |
| 28:36 | Create | Scorpion |
| 28:36 | Create | Scorpion |
| 28:43 | Create | Villager (Male) |
| 28:44 | Create | Villager (Male) |
| 28:50 | Build | Farm |
| 28:53 | Build | Farm |
| 28:56 | Create | Villager (Male) |
| 28:56 | Create | Villager (Male) |
| 28:59 | Build | Farm |
| 29:00 | Build | Farm |
| 29:16 | Create | Villager (Male) |
| 29:16 | Create | Villager (Male) |
| 29:16 | Create | Villager (Male) |
| 29:37 | Research | Heavy Plow |
| 30:04 | Create | Villager (Male) |
| 30:05 | Create | Villager (Male) |
| 30:05 | Create | Villager (Male) |
| 30:05 | Create | Villager (Male) |
| 30:07 | Create | Villager (Male) |
| 30:14 | Build | Lumber Camp |
| 30:40 | Build | Farm |
| 30:50 | Build | Siege Workshop |
| 30:54 | Create | Villager (Male) |
| 30:54 | Create | Villager (Male) |
| 30:55 | Create | Villager (Male) |
| 30:55 | Create | Villager (Male) |
| 30:56 | Create | Villager (Male) |
| 30:56 | Create | Villager (Male) |
Build order — meica666
First 150 of 439 actions detected
| 0:05 | Build | House |
| 0:07 | Create | Villager (Male) |
| 0:07 | Create | Villager (Male) |
| 0:07 | Create | Villager (Male) |
| 0:08 | Create | Villager (Male) |
| 0:08 | Create | Villager (Male) |
| 0:31 | Build | House |
| 2:07 | Create | Villager (Male) |
| 2:29 | Create | Villager (Male) |
| 2:44 | Create | Villager (Male) |
| 3:09 | Create | Villager (Male) |
| 3:14 | Create | Villager (Male) |
| 3:57 | Build | House |
| 4:02 | Create | Villager (Male) |
| 5:05 | Create | Villager (Male) |
| 5:07 | Create | Villager (Male) |
| 5:32 | Create | Villager (Male) |
| 6:09 | Create | Villager (Male) |
| 7:09 | Research | Feudal Age |
| 7:32 | Build | Mill |
| 8:14 | Build | Lumber Camp |
| 8:32 | Build | House |
| 9:19 | Age | Feudal Age |
| 9:27 | Create | Villager (Male) |
| 9:28 | Research | Wheelbarrow |
| 9:58 | Build | Mining Camp |
| 10:09 | Create | Villager (Male) |
| 10:10 | Create | Villager (Male) |
| 10:42 | Build | Farm |
| 10:43 | Build | Farm |
| 10:50 | Create | Villager (Male) |
| 11:21 | Build | Farm |
| 11:34 | Research | Double-Bit Axe |
| 11:42 | Build | Farm |
| 11:55 | Research | Horse Collar |
| 12:00 | Create | Villager (Male) |
| 12:00 | Create | Villager (Male) |
| 12:04 | Build | Farm |
| 12:11 | Build | House |
| 12:22 | Build | Farm |
| 12:27 | Create | Villager (Male) |
| 12:31 | Build | Farm |
| 12:53 | Build | Farm |
| 13:37 | Build | Farm |
| 13:40 | Build | Farm |
| 13:42 | Build | Farm |
| 13:51 | Build | Farm |
| 14:16 | Create | Villager (Male) |
| 14:44 | Create | Villager (Male) |
| 14:48 | Build | Farm |
| 15:13 | Build | Farm |
| 15:25 | Research | Castle Age |
| 15:52 | Build | House |
| 16:34 | Create | Villager (Male) |
| 17:14 | Build | Mining Camp |
| 17:50 | Research | Gold Mining |
| 18:05 | Age | Castle Age |
| 18:27 | Build | Town Center |
| 18:34 | Build | Stable |
| 18:41 | Create | Villager (Male) |
| 18:41 | Create | Villager (Male) |
| 18:42 | Research | Hand Cart |
| 18:48 | Research | Gold Shaft Mining |
| 19:16 | Create | Villager (Male) |
| 19:16 | Create | Villager (Male) |
| 19:16 | Create | Villager (Male) |
| 19:26 | Create | Villager (Male) |
| 19:27 | Create | Villager (Male) |
| 19:27 | Create | Villager (Male) |
| 19:35 | Create | Scout Cavalry |
| 19:35 | Create | Scout Cavalry |
| 19:36 | Create | Scout Cavalry |
| 19:58 | Create | Villager (Male) |
| 19:59 | Create | Villager (Male) |
| 19:59 | Create | Villager (Male) |
| 20:31 | Create | Knight |
| 20:33 | Create | Battle Elephant |
| 20:41 | Create | Villager (Male) |
| 21:21 | Create | Knight |
| 21:22 | Create | Knight |
| 21:29 | Build | House |
| 21:30 | Build | House |
| 21:56 | Create | Villager (Male) |
| 21:57 | Create | Villager (Male) |
| 21:58 | Create | Villager (Male) |
| 22:08 | Research | Stone Mining |
| 22:12 | Create | Villager (Male) |
| 22:12 | Create | Villager (Male) |
| 22:13 | Create | Villager (Male) |
| 22:36 | Build | Siege Workshop |
| 22:54 | Build | Mining Camp |
| 22:59 | Create | Villager (Male) |
| 22:59 | Create | Villager (Male) |
| 23:00 | Create | Villager (Male) |
| 23:00 | Create | Villager (Male) |
| 23:07 | Build | Town Center |
| 23:13 | Create | Villager (Male) |
| 23:13 | Create | Villager (Male) |
| 23:13 | Create | Villager (Male) |
| 23:26 | Create | Knight |
| 23:27 | Create | Knight |
| 23:33 | Build | House |
| 23:36 | Build | House |
| 23:43 | Create | Villager (Male) |
| 23:43 | Create | Villager (Male) |
| 23:43 | Create | Villager (Male) |
| 23:59 | Create | Battering Ram |
| 24:00 | Create | Battering Ram |
| 24:18 | Build | House |
| 24:19 | Build | House |
| 24:25 | Create | Villager (Male) |
| 24:25 | Create | Villager (Male) |
| 24:34 | Build | Farm |
| 24:34 | Build | Farm |
| 25:00 | Create | Mangonel |
| 25:31 | Build | Farm |
| 25:33 | Build | Farm |
| 25:35 | Build | Farm |
| 25:42 | Create | Villager (Male) |
| 25:42 | Create | Villager (Male) |
| 25:42 | Create | Villager (Male) |
| 25:43 | Create | Villager (Male) |
| 25:46 | Research | Bow Saw |
| 26:20 | Create | Villager (Male) |
| 26:21 | Create | Villager (Male) |
| 26:21 | Create | Villager (Male) |
| 26:21 | Create | Villager (Male) |
| 26:26 | Create | Villager (Male) |
| 26:26 | Create | Villager (Male) |
| 26:26 | Create | Villager (Male) |
| 26:26 | Create | Villager (Male) |
| 26:27 | Create | Villager (Male) |
| 26:57 | Create | Villager (Male) |
| 26:58 | Create | Villager (Male) |
| 26:58 | Create | Villager (Male) |
| 27:05 | Build | Farm |
| 27:08 | Create | Villager (Male) |
| 27:09 | Create | Villager (Male) |
| 27:42 | Create | Battering Ram |
| 27:42 | Create | Battering Ram |
| 27:43 | Create | Battering Ram |
| 29:03 | Build | House |
| 29:04 | Build | House |
| 29:05 | Build | House |
| 29:06 | Build | House |
| 30:05 | Research | Imperial Age |
| 30:09 | Create | Villager (Male) |
| 30:10 | Create | Villager (Male) |
| 30:10 | Create | Villager (Male) |
| 30:10 | Create | Villager (Male) |
Build order — weefimonster
First 150 of 308 actions detected
| 0:01 | Create | Villager (Male) |
| 0:01 | Create | Villager (Male) |
| 0:01 | Create | Villager (Male) |
| 0:02 | Create | Villager (Male) |
| 0:04 | Build | House |
| 0:16 | Build | House |
| 0:27 | Create | Villager (Male) |
| 1:24 | Create | Villager (Male) |
| 1:50 | Build | Lumber Camp |
| 2:10 | Create | Villager (Male) |
| 2:18 | Create | Villager (Male) |
| 2:18 | Create | Villager (Male) |
| 3:10 | Create | Villager (Male) |
| 3:51 | Create | Villager (Male) |
| 3:51 | Create | Villager (Male) |
| 3:51 | Create | Villager (Male) |
| 4:10 | Build | House |
| 4:25 | Build | House |
| 5:06 | Build | Mill |
| 5:17 | Create | Villager (Male) |
| 5:17 | Create | Villager (Male) |
| 5:26 | Create | Villager (Male) |
| 5:26 | Create | Villager (Male) |
| 5:38 | Create | Villager (Male) |
| 5:47 | Create | Villager (Male) |
| 6:31 | Create | Villager (Male) |
| 6:31 | Create | Villager (Male) |
| 6:31 | Create | Villager (Male) |
| 6:41 | Create | Villager (Male) |
| 6:42 | Create | Villager (Male) |
| 6:42 | Create | Villager (Male) |
| 6:42 | Create | Villager (Male) |
| 6:50 | Build | Mill |
| 8:20 | Create | Villager (Male) |
| 8:20 | Create | Villager (Male) |
| 8:20 | Create | Villager (Male) |
| 9:04 | Research | Feudal Age |
| 9:13 | Build | Mining Camp |
| 9:15 | Create | Villager (Male) |
| 9:15 | Create | Villager (Male) |
| 10:24 | Build | House |
| 10:45 | Build | Barracks |
| 11:24 | Build | Farm |
| 11:24 | Build | Farm |
| 11:24 | Build | Farm |
| 11:25 | Build | Farm |
| 11:39 | Create | Villager (Male) |
| 12:02 | Build | Blacksmith |
| 12:05 | Create | Villager (Male) |
| 12:19 | Build | Stable |
| 12:20 | Create | Villager (Male) |
| 12:28 | Build | House |
| 12:38 | Build | Farm |
| 12:38 | Build | Farm |
| 12:39 | Build | Farm |
| 12:39 | Build | Farm |
| 12:39 | Build | Farm |
| 12:49 | Build | Farm |
| 12:50 | Build | Farm |
| 12:50 | Build | Farm |
| 12:50 | Build | Farm |
| 12:50 | Build | Farm |
| 13:02 | Create | Villager (Male) |
| 13:18 | Build | Farm |
| 13:19 | Build | Farm |
| 13:19 | Build | Farm |
| 13:19 | Build | Farm |
| 13:19 | Build | Farm |
| 13:20 | Build | Farm |
| 13:28 | Create | Villager (Male) |
| 13:35 | Build | Farm |
| 13:35 | Build | Farm |
| 13:35 | Build | Farm |
| 13:36 | Build | Farm |
| 13:36 | Build | Farm |
| 13:49 | Create | Villager (Male) |
| 13:52 | Build | Farm |
| 13:52 | Build | Farm |
| 13:53 | Build | Farm |
| 13:53 | Build | Farm |
| 13:53 | Build | Farm |
| 13:53 | Build | Farm |
| 14:08 | Build | Farm |
| 14:08 | Build | Farm |
| 14:09 | Build | Farm |
| 14:09 | Build | Farm |
| 14:09 | Build | Farm |
| 14:09 | Build | Farm |
| 14:15 | Create | Villager (Male) |
| 14:24 | Build | House |
| 14:36 | Create | Villager (Male) |
| 14:40 | Build | Farm |
| 14:40 | Build | Farm |
| 14:41 | Build | Farm |
| 14:41 | Build | Farm |
| 14:41 | Build | Farm |
| 14:41 | Build | Farm |
| 15:00 | Research | Castle Age |
| 15:27 | Research | Double-Bit Axe |
| 15:33 | Research | Horse Collar |
| 15:52 | Create | Scout Cavalry |
| 17:33 | Build | Monastery |
| 17:35 | Create | Villager (Male) |
| 17:44 | Research | Bow Saw |
| 18:02 | Create | Villager (Male) |
| 18:10 | Research | Light Cavalry (upgrade) |
| 18:11 | Research | Bloodlines |
| 18:13 | Research | Husbandry |
| 18:21 | Create | Monk |
| 18:27 | Create | Villager (Male) |
| 18:46 | Create | Villager (Male) |
| 18:50 | Build | House |
| 18:56 | Build | House |
| 19:18 | Build | Town Center |
| 19:24 | Create | Villager (Male) |
| 19:33 | Build | Lumber Camp |
| 19:46 | Create | Villager (Male) |
| 19:59 | Create | Villager (Male) |
| 20:29 | Create | Villager (Male) |
| 20:43 | Create | Knight |
| 20:56 | Create | Villager (Male) |
| 20:56 | Create | Villager (Male) |
| 21:02 | Research | Scale Barding Armor |
| 21:10 | Create | Villager (Male) |
| 21:19 | Build | House |
| 21:20 | Build | House |
| 21:22 | Build | House |
| 21:24 | Create | Villager (Male) |
| 21:24 | Create | Villager (Male) |
| 21:32 | Research | Forging |
| 21:48 | Build | Stable |
| 22:06 | Create | Villager (Male) |
| 22:06 | Create | Villager (Male) |
| 22:18 | Create | Villager (Male) |
| 22:25 | Build | Farm |
| 22:25 | Build | Farm |
| 22:25 | Build | Farm |
| 22:26 | Build | Farm |
| 22:26 | Build | Farm |
| 22:26 | Build | Farm |
| 22:26 | Build | Farm |
| 22:27 | Build | Farm |
| 22:30 | Create | Villager (Male) |
| 22:30 | Create | Villager (Male) |
| 22:38 | Create | Knight ×5 |
| 22:58 | Create | Villager (Male) |
| 22:58 | Create | Villager (Male) |
| 23:34 | Create | Villager (Male) |
| 23:50 | Create | Villager (Male) |
| 23:50 | Create | Villager (Male) |
Build order — rafasasu
First 150 of 252 actions detected
| 0:01 | Create | Villager (Male) ×4 |
| 0:02 | Create | Villager (Male) ×4 |
| 0:04 | Build | House |
| 0:06 | Build | House |
| 1:37 | Create | Villager (Male) |
| 2:19 | Create | Villager (Male) |
| 2:20 | Create | Villager (Male) |
| 2:58 | Create | Villager (Male) |
| 3:28 | Create | Villager (Male) |
| 3:28 | Create | Villager (Male) |
| 3:49 | Create | Villager (Male) |
| 4:19 | Create | Villager (Male) |
| 4:47 | Build | Lumber Camp |
| 4:50 | Create | Villager (Male) |
| 4:53 | Build | House |
| 4:54 | Build | House |
| 5:44 | Create | Villager (Male) |
| 6:09 | Create | Villager (Male) |
| 6:49 | Create | Villager (Male) |
| 7:17 | Create | Villager (Male) |
| 7:40 | Build | Mill |
| 8:04 | Research | Feudal Age |
| 8:27 | Build | Lumber Camp |
| 8:31 | Create | Villager (Male) |
| 8:39 | Create | Villager (Male) |
| 10:14 | Build | House |
| 10:16 | Build | House |
| 10:20 | Create | Villager (Male) |
| 10:21 | Research | Double-Bit Axe |
| 10:26 | Research | Horse Collar |
| 10:28 | Create | Villager (Male) |
| 11:09 | Build | Mill |
| 11:15 | Create | Villager (Male) |
| 11:47 | Build | Farm |
| 11:50 | Build | Farm |
| 11:53 | Build | Farm |
| 12:02 | Build | Barracks |
| 12:14 | Create | Villager (Male) |
| 12:42 | Research | Wheelbarrow |
| 12:55 | Create | Villager (Male) |
| 13:14 | Build | Archery Range |
| 13:23 | Build | Farm |
| 13:28 | Build | Farm |
| 13:34 | Build | Farm |
| 13:49 | Build | Farm |
| 13:49 | Build | Farm |
| 13:50 | Build | Farm |
| 13:50 | Build | Farm |
| 13:51 | Build | Farm |
| 14:01 | Build | Farm |
| 14:13 | Create | Villager (Male) |
| 14:33 | Build | Farm |
| 14:41 | Build | Farm |
| 14:51 | Create | Villager (Male) |
| 14:52 | Create | Villager (Male) |
| 15:08 | Build | Mining Camp |
| 15:31 | Build | Blacksmith |
| 15:41 | Create | Villager (Male) |
| 15:58 | Build | House |
| 16:03 | Build | House |
| 16:12 | Create | Villager (Male) |
| 16:33 | Create | Villager (Male) |
| 16:44 | Create | Villager (Male) |
| 17:01 | Create | Villager (Male) |
| 17:11 | Research | Castle Age |
| 17:31 | Research | Town Watch |
| 17:32 | Research | Castle Age |
| 17:37 | Build | Mining Camp |
| 18:02 | Build | Outpost |
| 18:13 | Research | Loom |
| 19:15 | Build | Farm |
| 19:15 | Build | Farm |
| 19:15 | Build | Farm |
| 19:16 | Build | Farm |
| 19:20 | Create | Villager (Male) |
| 19:20 | Create | Villager (Male) |
| 20:59 | Research | Bow Saw |
| 21:01 | Build | Town Center |
| 21:10 | Build | Town Center |
| 21:19 | Research | Hand Cart |
| 21:27 | Research | Gold Mining |
| 21:32 | Research | Stone Mining |
| 21:36 | Research | Heavy Plow |
| 21:42 | Research | Squires |
| 21:45 | Research | Eagle Warrior (upgrade) |
| 22:23 | Create | Villager (Male) ×5 |
| 22:31 | Create | Villager (Male) ×5 |
| 22:43 | Create | Villager (Male) |
| 23:15 | Create | Villager (Male) ×2 |
| 23:21 | Build | Farm |
| 23:21 | Build | Farm |
| 23:30 | Build | Castle |
| 23:33 | Create | Villager (Male) |
| 23:37 | Build | Farm |
| 23:37 | Build | Farm |
| 23:37 | Build | Farm |
| 23:37 | Build | Farm |
| 23:48 | Create | Villager (Male) |
| 23:48 | Create | Villager (Male) |
| 24:12 | Build | Farm |
| 24:12 | Build | Farm |
| 24:12 | Build | Farm |
| 24:16 | Build | Farm |
| 24:20 | Research | Gold Shaft Mining |
| 24:44 | Create | Villager (Male) ×4 |
| 24:59 | Build | House |
| 25:00 | Build | House |
| 25:01 | Build | House |
| 25:07 | Build | Farm |
| 25:07 | Build | Farm |
| 25:14 | Create | Villager (Male) ×5 |
| 25:14 | Create | Villager (Male) ×5 |
| 25:37 | Build | Farm |
| 25:37 | Build | Farm |
| 25:45 | Create | Villager (Male) ×4 |
| 26:10 | Build | Farm |
| 26:10 | Build | Farm |
| 26:11 | Build | Farm |
| 26:20 | Create | Villager (Male) ×5 |
| 26:30 | Build | House |
| 26:31 | Build | House |
| 26:32 | Build | House |
| 26:35 | Build | Farm |
| 26:35 | Build | Farm |
| 26:35 | Build | Farm |
| 26:40 | Create | Villager (Male) ×3 |
| 26:48 | Build | Farm |
| 26:54 | Build | Farm |
| 26:54 | Build | Farm |
| 26:55 | Build | Farm |
| 27:30 | Create | Villager (Male) ×5 |
| 27:37 | Build | Farm |
| 27:37 | Build | Farm |
| 27:37 | Build | Farm |
| 27:37 | Build | Farm |
| 27:38 | Build | Farm |
| 27:38 | Build | Farm |
| 28:02 | Build | Farm |
| 28:05 | Build | Farm |
| 28:08 | Research | Stone Shaft Mining |
| 28:24 | Create | Villager (Male) ×5 |
| 28:37 | Create | Villager (Male) |
| 29:08 | Research | Imperial Age |
| 29:15 | Research | Imperial Age |
| 29:22 | Create | Villager (Male) ×5 |
| 29:35 | Research | Scale Mail Armor |
| 29:37 | Research | Forging |
| 29:38 | Research | Forging |
| 29:58 | Build | Mining Camp |
| 30:08 | Create | Jaguar Warrior ×5 |
Build order — Zombyou
First 150 of 229 actions detected
| 0:08 | Build | House |
| 0:16 | Build | House |
| 0:21 | Create | Villager (Male) ×4 |
| 0:21 | Create | Villager (Male) ×4 |
| 2:43 | Create | Villager (Male) ×3 |
| 2:43 | Create | Villager (Male) ×3 |
| 2:44 | Create | Villager (Male) ×3 |
| 3:19 | Build | Lumber Camp |
| 3:53 | Create | Villager (Male) |
| 3:56 | Create | Villager (Male) |
| 4:18 | Build | House |
| 4:21 | Create | Villager (Male) ×2 |
| 4:21 | Create | Villager (Male) ×2 |
| 4:21 | Create | Villager (Male) ×2 |
| 4:31 | Build | House |
| 5:06 | Create | Villager (Male) |
| 5:06 | Create | Villager (Male) |
| 5:06 | Create | Villager (Male) |
| 5:14 | Build | House |
| 5:16 | Build | House |
| 6:12 | Build | Mill |
| 6:30 | Create | Villager (Male) |
| 6:31 | Create | Villager (Male) |
| 6:31 | Create | Villager (Male) |
| 6:31 | Create | Villager (Male) |
| 6:32 | Create | Villager (Male) |
| 8:22 | Research | Loom |
| 9:45 | Research | Feudal Age |
| 10:34 | Create | Villager (Male) |
| 11:36 | Create | Villager (Male) |
| 11:37 | Create | Villager (Male) |
| 11:55 | Age | Feudal Age |
| 11:56 | Research | Double-Bit Axe |
| 12:12 | Research | Horse Collar |
| 12:26 | Build | Farm |
| 12:26 | Build | Farm |
| 12:27 | Build | Farm |
| 12:27 | Build | Farm |
| 12:27 | Build | Farm |
| 12:28 | Build | Farm |
| 12:28 | Build | Farm |
| 12:28 | Build | Farm |
| 12:28 | Build | Farm |
| 12:28 | Build | Farm |
| 12:29 | Build | Farm |
| 12:52 | Build | Watch Tower |
| 13:12 | Build | Mining Camp |
| 13:20 | Create | Villager (Male) |
| 13:20 | Create | Villager (Male) |
| 13:20 | Create | Villager (Male) |
| 13:35 | Build | Farm |
| 13:36 | Build | Farm |
| 13:36 | Build | Farm |
| 13:36 | Build | Farm |
| 13:36 | Build | Farm |
| 13:37 | Build | Farm |
| 13:37 | Build | Farm |
| 13:37 | Build | Farm |
| 14:54 | Create | Villager (Male) |
| 14:55 | Create | Villager (Male) |
| 14:55 | Create | Villager (Male) |
| 14:55 | Create | Villager (Male) |
| 14:55 | Create | Villager (Male) |
| 14:56 | Create | Villager (Male) |
| 14:56 | Create | Villager (Male) |
| 14:56 | Create | Villager (Male) |
| 14:56 | Create | Villager (Male) |
| 14:57 | Create | Villager (Male) |
| 15:08 | Build | Farm |
| 15:08 | Build | Farm |
| 15:09 | Build | Farm |
| 15:09 | Build | Farm |
| 15:09 | Build | Farm |
| 15:09 | Build | Farm |
| 15:55 | Build | Mining Camp |
| 16:55 | Build | House |
| 17:02 | Build | House |
| 17:10 | Build | House |
| 17:19 | Build | House |
| 17:21 | Build | House |
| 17:29 | Build | Palisade Wall |
| 18:09 | Build | Blacksmith |
| 18:20 | Build | Market |
| 18:30 | Create | Villager (Male) |
| 18:30 | Create | Villager (Male) |
| 18:32 | Create | Villager (Male) |
| 18:55 | Build | Mining Camp |
| 19:06 | Build | Mining Camp |
| 19:23 | Research | Castle Age |
| 19:29 | Create | Villager (Male) |
| 20:45 | Research | Stone Mining |
| 20:53 | Research | Gold Mining |
| 21:19 | Build | Lumber Camp |
| 21:51 | Build | Barracks |
| 22:00 | Build | Barracks |
| 22:03 | Build | Barracks |
| 22:07 | Age | Castle Age |
| 22:25 | Build | Town Center |
| 22:31 | Create | Villager (Male) ×5 |
| 23:46 | Create | Villager (Male) ×5 |
| 23:49 | Create | Villager (Male) ×5 |
| 24:10 | Build | Siege Workshop |
| 24:36 | Create | Villager (Male) ×5 |
| 25:13 | Build | Town Center |
| 25:40 | Build | Mining Camp |
| 25:47 | Create | Villager (Male) ×5 |
| 25:55 | Create | Villager (Male) ×5 |
| 26:03 | Research | Wheelbarrow |
| 26:04 | Create | Villager (Male) ×5 |
| 26:05 | Create | Villager (Male) ×5 |
| 26:14 | Create | Trade Cart ×3 |
| 26:53 | Build | Farm |
| 27:07 | Research | Bow Saw |
| 27:11 | Research | Heavy Plow |
| 27:34 | Create | Battering Ram |
| 27:34 | Create | Battering Ram |
| 27:40 | Build | Farm |
| 27:52 | Create | Villager (Male) ×5 |
| 28:08 | Research | Hand Cart |
| 28:17 | Research | Hand Cart |
| 28:20 | Create | Villager (Male) |
| 28:20 | Create | Villager (Male) |
| 28:26 | Research | Fletching |
| 28:29 | Research | Forging |
| 28:50 | Build | Town Center |
| 29:19 | Build | House |
| 29:21 | Build | House |
| 29:23 | Build | House |
| 29:25 | Build | House |
| 29:27 | Build | House |
| 29:29 | Build | House |
| 29:32 | Build | House |
| 29:33 | Build | House |
| 29:36 | Build | House |
| 29:51 | Build | Town Center |
| 30:14 | Build | Farm |
| 30:22 | Build | Farm |
| 30:29 | Create | Villager (Male) ×5 |
| 31:07 | Build | Castle |
| 31:16 | Build | Farm |
| 32:29 | Create | Petard |
| 32:30 | Create | Petard |
| 33:50 | Research | Imperial Age |
| 34:31 | Build | Stable |
| 34:37 | Build | Stable |
| 34:38 | Build | Stable |
| 34:39 | Build | Stable |
| 34:41 | Build | Stable |
| 34:48 | Build | Barracks |
| 34:49 | Build | Barracks |
Build order — Jimmy Kigger
First 150 of 292 actions detected
| 0:03 | Create | Villager (Male) |
| 0:05 | Research | Loom |
| 0:39 | Build | House |
| 0:51 | Create | Villager (Male) |
| 0:52 | Create | Villager (Male) |
| 0:52 | Create | Villager (Male) |
| 0:52 | Create | Villager (Male) |
| 0:52 | Create | Villager (Male) |
| 1:40 | Build | House |
| 1:46 | Build | House |
| 1:49 | Build | House |
| 1:55 | Create | Villager (Male) |
| 1:56 | Create | Villager (Male) |
| 2:57 | Create | Villager (Male) |
| 2:57 | Create | Villager (Male) |
| 2:57 | Create | Villager (Male) |
| 3:16 | Create | Villager (Male) |
| 3:17 | Create | Villager (Male) |
| 3:28 | Build | Lumber Camp |
| 3:32 | Create | Villager (Male) |
| 3:33 | Create | Villager (Male) |
| 4:44 | Create | Villager (Male) |
| 4:44 | Create | Villager (Male) |
| 4:44 | Create | Villager (Male) |
| 5:07 | Create | Villager (Male) |
| 5:33 | Create | Villager (Male) |
| 5:34 | Create | Villager (Male) |
| 6:15 | Create | Villager (Male) |
| 6:15 | Create | Villager (Male) |
| 6:15 | Create | Villager (Male) |
| 6:15 | Create | Villager (Male) |
| 6:16 | Create | Villager (Male) |
| 6:36 | Create | Villager (Male) |
| 6:36 | Create | Villager (Male) |
| 7:22 | Build | Mill |
| 7:32 | Create | Villager (Male) |
| 7:32 | Create | Villager (Male) |
| 7:33 | Create | Villager (Male) |
| 7:33 | Create | Villager (Male) |
| 7:33 | Create | Villager (Male) |
| 7:44 | Create | Villager (Male) |
| 7:45 | Create | Villager (Male) |
| 7:45 | Create | Villager (Male) |
| 7:45 | Create | Villager (Male) |
| 8:13 | Research | Feudal Age |
| 8:48 | Build | House |
| 8:51 | Build | House |
| 8:53 | Build | House |
| 8:54 | Build | House |
| 8:55 | Build | House |
| 8:57 | Build | House |
| 9:05 | Build | House |
| 9:07 | Build | House |
| 9:10 | Build | House |
| 9:11 | Build | House |
| 9:13 | Build | House |
| 10:22 | Age | Feudal Age |
| 10:24 | Research | Wheelbarrow |
| 10:29 | Research | Double-Bit Axe |
| 10:32 | Research | Horse Collar |
| 10:38 | Create | Villager (Male) ×3 |
| 11:05 | Create | Villager (Male) |
| 11:05 | Create | Villager (Male) |
| 11:05 | Create | Villager (Male) |
| 11:49 | Create | Villager (Male) |
| 11:49 | Create | Villager (Male) |
| 11:50 | Create | Villager (Male) |
| 12:05 | Build | Market |
| 12:23 | Create | Villager (Male) |
| 12:23 | Create | Villager (Male) |
| 12:52 | Create | Villager (Male) |
| 13:12 | Create | Villager (Male) |
| 13:12 | Create | Villager (Male) |
| 13:12 | Create | Villager (Male) |
| 13:32 | Build | Farm |
| 13:33 | Build | Farm |
| 13:34 | Build | Farm |
| 13:36 | Build | Farm |
| 13:37 | Build | Farm |
| 13:42 | Build | Farm |
| 13:52 | Build | Farm |
| 13:55 | Create | Villager (Male) ×4 |
| 14:51 | Build | House |
| 14:59 | Build | Blacksmith |
| 15:13 | Build | Mining Camp |
| 15:23 | Create | Villager (Male) |
| 15:23 | Create | Villager (Male) |
| 15:32 | Build | Farm |
| 15:34 | Build | Farm |
| 15:36 | Build | Farm |
| 15:38 | Build | Farm |
| 15:45 | Create | Villager (Male) ×4 |
| 15:46 | Create | Villager (Male) ×4 |
| 16:14 | Build | Farm |
| 16:16 | Build | Farm |
| 16:17 | Build | Farm |
| 16:18 | Build | Farm |
| 16:35 | Build | Farm |
| 16:38 | Build | Farm |
| 16:42 | Build | Farm |
| 16:43 | Build | Farm |
| 17:00 | Build | Barracks |
| 18:00 | Research | Castle Age |
| 18:16 | Build | Mining Camp |
| 18:24 | Build | Stable |
| 19:04 | Research | Stone Mining |
| 19:07 | Research | Gold Mining |
| 20:23 | Build | Lumber Camp |
| 20:25 | Age | Castle Age |
| 20:29 | Research | Hand Cart |
| 20:35 | Research | Heavy Plow |
| 20:41 | Research | Bow Saw |
| 21:22 | Create | Villager (Male) ×5 |
| 21:23 | Create | Villager (Male) ×5 |
| 21:23 | Create | Villager (Male) ×5 |
| 21:23 | Create | Villager (Male) ×5 |
| 21:44 | Create | Villager (Male) |
| 21:45 | Create | Villager (Male) |
| 21:45 | Create | Villager (Male) |
| 21:45 | Create | Villager (Male) |
| 21:55 | Build | Town Center |
| 22:56 | Build | Lumber Camp |
| 23:08 | Build | University |
| 23:16 | Build | Farm |
| 23:17 | Build | Farm |
| 23:18 | Build | Farm |
| 23:37 | Create | Villager (Male) ×5 |
| 24:05 | Build | Castle |
| 24:24 | Research | Fletching |
| 24:28 | Research | Murder Holes |
| 24:57 | Create | Villager (Male) |
| 24:57 | Create | Villager (Male) |
| 24:58 | Create | Villager (Male) |
| 25:32 | Create | Villager (Male) ×5 |
| 25:32 | Create | Villager (Male) ×5 |
| 25:32 | Create | Villager (Male) ×5 |
| 25:37 | Create | Villager (Male) ×5 |
| 25:37 | Create | Villager (Male) ×5 |
| 25:38 | Create | Villager (Male) ×5 |
| 26:07 | Research | Masonry |
| 26:40 | Create | Villager (Male) ×5 |
| 27:06 | Research | Stone Shaft Mining |
| 27:08 | Research | Gold Shaft Mining |
| 28:13 | Build | Castle |
| 28:24 | Research | Bodkin Arrow |
| 28:26 | Research | Ballistics |
| 28:56 | Build | Farm |
| 28:57 | Build | Farm |
| 28:59 | Build | Farm |
| 29:00 | Build | Farm |
Match timeline
| 8:13 | Smurfm4n87 · first_building Barracks |
| 9:19 | meica666 · age_up feudal |
| 10:22 | Jimmy Kigger · age_up feudal |
| 10:45 | weefimonster · first_building Barracks |
| 11:15 | H A C K E R M A N · first_building Barracks |
| 11:33 | H A C K E R M A N · age_up feudal |
| 11:39 | guachalin · age_up feudal |
| 11:55 | Zombyou · age_up feudal |
| 12:02 | rafasasu · first_building Barracks |
| 12:19 | weefimonster · first_building Stable |
| 13:14 | rafasasu · first_building Archery Range |
| 15:43 | H A C K E R M A N · wall_segment Stone Wall x4 |
| 15:50 | guachalin · first_market_buy 100 food |
| 16:03 | H A C K E R M A N · first_building Donjon |
| 16:05 | guachalin · first_building Barracks |
| 17:00 | Jimmy Kigger · first_building Barracks |
| 17:23 | H A C K E R M A N · wall_segment Stone Wall x4 |
| 17:27 | Jimmy Kigger · first_market_sell 100 wood |
| 17:29 | Zombyou · wall_segment Palisade Wall x1 |
| 17:33 | weefimonster · first_building Monastery |
| 17:41 | H A C K E R M A N · wall_segment Stone Wall x4 |
| 18:05 | meica666 · age_up castle |
| 18:24 | Jimmy Kigger · first_building Stable |
| 18:33 | guachalin · age_up castle |
| 18:34 | meica666 · first_building Stable |
| 19:00 | guachalin · first_building Siege Workshop |
| 20:25 | Jimmy Kigger · age_up castle |
| 20:40 | Smurfm4n87 · first_market_buy 100 food |
| 21:14 | guachalin · first_building Castle |
| 21:44 | H A C K E R M A N · wall_segment Stone Wall x4 |
| 21:51 | Zombyou · first_building Barracks |
| 22:07 | Zombyou · age_up castle |
| 22:20 | Smurfm4n87 · first_building Archery Range |
| 22:36 | meica666 · first_building Siege Workshop |
| 23:30 | rafasasu · first_building Castle |
| 24:05 | Jimmy Kigger · first_building Castle |
| 24:10 | Zombyou · first_building Siege Workshop |
| 24:16 | H A C K E R M A N · wall_segment Stone Wall x4 |
| 24:55 | Smurfm4n87 · first_building Castle |
| 24:57 | weefimonster · first_building Castle |
| 25:05 | Zombyou · first_market_buy 100 wood |
| 26:50 | guachalin · first_market_sell 100 wood |
| 27:55 | Smurfm4n87 · first_building Siege Workshop |
| 29:38 | H A C K E R M A N · age_up castle |
| 31:07 | Zombyou · first_building Castle |
| 31:09 | weefimonster · first_building Archery Range |
| 31:34 | H A C K E R M A N · first_building Monastery |
| 33:49 | guachalin · first_building Archery Range |
| 34:15 | guachalin · wall_segment Stone Wall x43 |
| 34:20 | guachalin · wall_segment Stone Wall x14 |
| 34:25 | meica666 · first_building Castle |
| 34:31 | Zombyou · first_building Stable |
| 34:33 | meica666 · age_up imperial |
| 35:18 | meica666 · first_building Barracks |
| 36:27 | rafasasu · first_building Monastery |
| 37:00 | Zombyou · age_up imperial |
| 37:14 | guachalin · wall_segment Stone Wall x1 |
| 40:01 | Jimmy Kigger · age_up imperial |
| 43:06 | guachalin · wall_segment Stone Wall x1 |
| 43:20 | H A C K E R M A N · first_building Castle |
| 46:36 | H A C K E R M A N · age_up imperial |
| 46:36 | weefimonster · resign |
| 48:22 | guachalin · age_up imperial |
| 50:03 | rafasasu · wall_segment Stone Wall x9 |
| 53:22 | rafasasu · wall_segment Stone Wall x1 |
| 53:51 | meica666 · first_building Monastery |
[ AI ANALYSIS · 1 CREDIT ]
What really happened in this match?
Wolo.gg analyzes every decision: build order, eco, micro, common mistakes by bracket. Personalized analysis on WhatsApp or Discord in 30 seconds.
Civ guide
Incas
Perfil
Jugador #22024529